 Dungeon Crawl Stone Soup version 0.20.0 (webtiles) character file.

45102 edsrzf the Geomancer (level 14, -6/137 HPs)
             Began as an Ogre Earth Elementalist on June 3, 2017.
             Was the Champion of Cheibriados.
             Mangled by a death yak (25 damage)
             ... on level 5 of the Lair of Beasts on June 4, 2017.
             The game lasted 01:06:12 (18562 turns).

edsrzf the Geomancer (Ogre Earth Elementalist)     Turns: 18562, Time: 01:06:13

Health: -6/137     AC:  8    Str: 30    XL:     14   Next: 31%
Magic:  1/29       EV: 10    Int: 35    God:    Cheibriados [******]
Gold:   588        SH:  0    Dex: 24    Spells: 16/35 levels left

rFire    + . .     SeeInvis +   a - +4 hand axe
rCold    . . .     Gourm    .   (no shield)
rNeg     . . .     Faith    .   R - +0 troll leather armour
rPois    +         Spirit   .   z - +1 hat {SInv}
rElec    .         Reflect  .   (no cloak)
rCorr    .         Harm     .   (gloves unavailable)
MR       +....                  (boots unavailable)
Stlth    ++........             (no amulet)
Regen    0.8/turn               q - ring of protection from fire
MPRegen  0.3/turn               H - ring of poison resistance

@: very slightly contaminated, very slow
A: unfitting armour, horns 1, thin metallic scales 1, tough skin 1
a: Bend Time, Temporal Distortion, Slouch, Step From Time, Renounce Religion


You were on level 5 of the Lair of Beasts.
You worshipped Cheibriados.
Cheibriados was exalted by your worship.
You were hungry.

You visited 2 branches of the dungeon, and saw 15 of its levels.
You also visited: Sewer.

You collected 777 gold pieces.
You spent 189 gold pieces at shops.

Inventory:

Hand Weapons
 a - a +4 hand axe (weapon)
 b - a +0 giant spiked club
Missiles
 l - 4 large rocks
 Q - 232 stones (quivered)
Armour
 z - a +1 hat of see invisible (worn)
 R - a +0 troll leather armour (worn)
Jewellery
 p - an uncursed ring of see invisible
 q - a ring of protection from fire (left hand)
 D - an uncursed ring of protection from magic
 G - an uncursed ring of resist corrosion
 H - a ring of poison resistance (right hand)
 I - an uncursed ring of protection from magic
 K - an uncursed ring of flight
Wands
 c - a wand of polymorph (13/24)
 m - a wand of disintegration (24/24)
 o - a wand of iceblast (8/15)
 y - a wand of polymorph (15/24)
 C - a wand of polymorph (8/24)
 F - a wand of flame (26/48)
Scrolls
 n - 11 scrolls of remove curse {@r2}
 s - 2 scrolls of amnesia
 t - 6 scrolls of fog
 v - a scroll of blinking
 A - 2 scrolls of recharging
 B - a scroll of enchant armour {unknown}
 E - 4 scrolls of enchant weapon
Potions
 f - 3 potions of might
 i - a potion of brilliance
 k - 3 potions of mutation {!q}
 u - a potion of curing
 L - 3 potions of flight
 S - a potion of agility
Books
 e - a book of Geomancy
 g - a book of Misfortune
 j - a book of Battle
 N - a book of Minor Magic
Miscellaneous
 x - a box of beasts
Comestibles
 d - 12 bread rations
 h - 7 meat rations
 J - 23 fruits
 M - 2 royal jellies


   Skills:
 - Level 8.5 Fighting
 + Level 11.2 Maces & Flails
 - Level 1.7 Dodging
 - Level 1.4 Stealth
 - Level 11.0 Spellcasting
 - Level 10.0 Conjurations
 - Level 0.8 Transmutations
 - Level 11.2 Earth Magic
 - Level 9.0 Invocations


You had 16 spell levels left.
You knew the following spells:

 Your Spells              Type           Power        Failure   Level  Hunger
a - Stone Arrow           Conj/Erth      ######       1%          3    None
b - Blink                 Tloc           N/A          3%          2    None
f - Conjure Flame         Conj/Fire      ######..     1%          3    None
l - Lee's Rapid Deconstr  Erth           #######...   1%          5    #......
C - Mephitic Cloud        Conj/Pois/Air  #####...     1%          3    None
P - Passwall              Tmut/Erth      ######....   1%          2    None
X - Sandblast             Erth           ######       1%          1    None


Dungeon Overview and Level Annotations

Branches:
Dungeon (10/15)            Temple (0/1) D:7            Lair (5/6) D:9
 Shoals (0/4) Lair:3        Snake (0/4) Lair:2        Slime (0/5) Lair:5
    Orc: D:9-12

Altars:
Cheibriados
Dithmenos
Elyvilon
Hepliaklqana
Kikubaaqudgha
Makhleb
Qazlal
Ru
Sif Muna
Uskayaw
Zin
Jiyva

Shops:
D:6 ?

Annotations:
D:7 exclusion: oklob sapling
D:8 Gastronok
Lair:2 Nergalle


Innate Abilities, Weirdness & Mutations

You are too large for most types of armour.
You have tough skin. (AC +1)
You have a pair of small horns on your head.
You are partially covered in thin metallic scales. (AC +2)


Message History

Unknown command.
Okay, then.
Unknown command.
Unknown command.
Okay, then.
Okay, then.
Unknown command.
Casting: Mephitic Cloud
Confirm with . or Enter, or press ? or * to list all spells.
Okay, then.
Unknown command.
Okay, then.
Unknown command.
Press: ? - help, v - describe, . - travel
Here: a death yak (noxious fumes, severely wounded)
An open door.
Unknown command.
You catch the helpless death yak completely off-guard!
You hit the death yak. Your headbutt misses the death yak.
The death yak is almost dead.
You hit the death yak.
The death yak is engulfed in noxious fumes.
The death yak appears confused.
The dream sheep ruffles its wool and motes of dream dust sparkle, to no effect.
Press: ? - help, v - describe, . - travel, g - get item
Here: a death yak (heavily wounded)
A yak corpse.
The floor.
Unknown command.
The death yak is engulfed in blazing flames.
The death yak barely misses the death yak.
You see here a death yak corpse.
You slash the death yak!
You kill the death yak!
Cheibriados appreciates the change of pace.
You hit the death yak but do no damage. x2; The death yak barely misses you. x2
You slash the death yak!
You headbutt the death yak, but do no damage.
The death yak is almost dead.
You hit the death yak but do no damage.
The death yak is engulfed in blazing flames.
Press: ? - help, v - describe, . - travel
Here: a death yak (noxious fumes, heavily wounded)
The floor, spattered with blood.
Unknown command.
Okay, then.
As you read the scroll of fear, it crumbles to dust.
You assume a fearsome visage.
The death yak looks frightened!
The death yak easily resists.
The death yak looks frightened!
The death yak resists with some effort.
The dream sheep looks frightened!
The dream sheep stampedes away.
The death yak resists with almost no effort.
The yak looks frightened!
The death yak looks frightened! x2
The death yak is engulfed in noxious fumes.
The death yak gores you!!
* * * LOW HITPOINT WARNING * * *
Unknown command.
Press: ? - help, v - describe, . - travel
Here: a death yak (heavily wounded)
An open door.
Okay, then.
Unknown command.
Okay, then.
Unknown command.
Okay, then.
Unknown command.
Okay, then.
Unknown command.
Okay, then.
Press: ? - help, v - describe, . - travel
Here: a death yak (almost dead, confused)
The floor.
Unknown command.
Blink to where?
Press: ? - help, Dir - move target cursor
As you read the scroll of blinking, it crumbles to dust.
Found 2 meat rations.
You open the door.
The death yak seems less confused.
There is an open door here.
The death yak gores you but does no damage.
The death yak gores you!!
* * * LOW HITPOINT WARNING * * *
Okay, then.
Casting: Mephitic Cloud
Confirm with . or Enter, or press ? or * to list all spells.
Aiming: Mephitic Cloud
Press: ? - help, Shift-Dir - straight line, f - death yak
Aim: a death yak (almost dead)
The ball explodes into a vile cloud!
The stinking cloud engulfs the death yak.
The death yak is almost dead.
The stinking cloud engulfs the death yak.
The death yak is heavily wounded.
The stinking cloud engulfs you!
The death yak is engulfed in noxious fumes.
The death yak appears confused.
The death yak gores the death yak!!
You feel better.
The death yak is engulfed in noxious fumes.
The death yak gores you!!
You die...

†###'##.##'##.##'##....#.# .#
#.#...#.#...#.#......## ## .#
#.#...#.#...#.#......## #.
†###'#####'#####'#.......########
.'...............#.........#.#.##
.'......Y.†......##P.......#.....
.###'#####'#####Y###.....#.......
## #.#...#†#...#Y# ###..#†.......
#.#...#Y#...#@# ####.#......
#'##.##Y##.##+# ###......
...#.#.YY#.# ##P.... ...#.#..Y#.#
#PP... .. #.#.Y.#.# ....... ###
#.#.Y.#.# ..#....
#.#####.#####.###### ###....
#...#..............## #.....
..................P.# ##.....


You could see 2 death yaks.

Vanquished Creatures
  Kirke (Lair:4)
  The ghost of aesoa the Slicer, a journeyman OpFi of Gozag (Lair:5)
  5 hydras
  2 two-headed ogres
  6 death yaks
  2 ugly things (D:9)
  A cyclops (D:10)
  17 elephants
  A black mamba (Lair:5)
  10 spiny frogs
  A torpor snail (Lair:5)
  3 rime drakes
  A tengu conjurer (D:10)
  5 komodo dragons
  A troll (D:9)
  6 polar bears
  Prince Ribbit (D:5)
  5 blink frogs (Lair:4)
  3 hippogriffs
  8 dream sheep
  6 hogs (Lair:4)
  A basilisk (Lair:2)
  3 humans (Lair:5)
  A hungry ghost (D:9)
  A steam dragon (D:10)
  3 wyverns
  34 yaks
  2 vampire mosquitoes (Lair:4)
  An insubstantial wisp (Lair:4)
  An acid dragon (D:10)
  2 nagas (Lair:2)
  14 porcupines
  An orc warrior (D:6)
  8 black bears
  A sky beast (D:9)
  15 water moccasins
  5 phantoms
  4 ogres
  2 necrophages
  12 wolves
  5 centaurs
  9 crocodiles
  2 big kobolds (D:9)
  Blork the orc (D:4)
  A gnoll sergeant (D:5)
  A water moccasin zombie (D:6)
  16 bullfrogs
  3 scorpions
  8 killer bees
  An electric eel (Lair:3)
  6 howler monkeys
  4 crimson imps
  4 hounds
  2 jellies
  5 orc priests
  7 orc wizards
  A centaur skeleton (D:9)
  7 worker ants
  A hound zombie (D:7)
  7 adders
  11 gnolls
  5 river rats
  2 shadow imps
  An adder zombie (D:9)
  An adder skeleton (D:4)
  2 worms (D:3)
  A dart slug (D:3)
  6 leopard geckos
  24 orcs
  8 ball pythons
  4 bats
  3 giant cockroaches
  7 goblins
  4 hobgoblins
  14 jackals
  18 kobolds
  2 quokkas
  8 frilled lizards
  2 giant cockroach zombies (D:5)
  A jackal skeleton (D:4)
  A quokka skeleton (D:7)
  A quokka zombie (D:10)
  20 rats
  A plant (Lair:4)
435 creatures vanquished.

Vanquished Creatures (others)
  An orc priest (D:9)
  8 fungi
  7 plants
16 creatures vanquished.

Grand Total: 451 creatures vanquished

Notes
Turn   | Place    | Note
-------+----------+-------------------------------------------
     0 | D:1      | edsrzf the Ogre Earth Elementalist began the quest for the Orb.
     0 | D:1      | Reached XP level 1. HP: 16/16 MP: 3/3
    74 | D:1      | Reached skill level 3 in Earth Magic
   179 | D:1      | Reached XP level 2. HP: 24/24 MP: 1/5
   995 | D:2      | Reached skill level 3 in Spellcasting
  1081 | D:2      | Reached XP level 3. HP: 31/31 MP: 5/7
  1122 | D:2      | Identified 3 scrolls of fog
  1421 | D:2      | Learned a level 2 spell: Passwall
  1425 | D:2      | Learned a level 3 spell: Stone Arrow
  1827 | D:3      | Noticed a hand axe
  1827 | D:3      | Noticed a hand axe
  1828 | D:3      | Found a hide-covered altar of Uskayaw.
  1916 | D:3      | Reached skill level 1 in Conjurations
  1921 | D:3      | Reached XP level 4. HP: 34/39 MP: 0/8
  1950 | D:3      | Identified 2 potions of mutation
  1950 | D:3      | Gained mutation: You have a pair of small horns on your head. [potion of mutation]
  1950 | D:3      | Gained mutation: You are partially covered in thin metallic scales. (AC +2) [potion of mutation]
  1951 | D:3      | Identified 2 potions of haste
  1979 | D:3      | Found a glowing drain.
  1988 | Sewer    | Entered a sewer
  2207 | Sewer    | Identified 3 scrolls of identify
  2207 | Sewer    | Identified a potion of lignification
  2208 | Sewer    | Identified a potion of might
  2209 | Sewer    | Identified 3 potions of heal wounds
  2543 | D:3      | Reached skill level 1 in Fighting
  2753 | D:4      | Reached skill level 4 in Earth Magic
  2753 | D:4      | Reached XP level 5. HP: 48/48 MP: 2/9
  2839 | D:4      | Found a hazy altar of Hepliaklqana.
  2839 | D:4      | Found a shadowy altar of Dithmenos.
  2843 | D:4      | Noticed Blork the orc
  2843 | D:4      | Noticed a phantom
  2863 | D:4      | Killed Blork the orc
  2863 | D:4      | Reached skill level 2 in Fighting
  2863 | D:4      | Reached skill level 2 in Conjurations
  2896 | D:4      | Killed a phantom
  2896 | D:4      | Reached skill level 3 in Fighting
  2896 | D:4      | Reached XP level 6. HP: 35/61 MP: 0/10
  3319 | D:4      | Found a sacrificial altar of Ru.
  3365 | D:4      | Reached skill level 3 in Conjurations
  3407 | D:4      | Reached skill level 4 in Fighting
  3520 | D:4      | Reached XP level 7. HP: 70/70 MP: 4/11
  3831 | D:5      | Entered Level 5 of the Dungeon
  3880 | D:5      | Reached skill level 5 in Earth Magic
  3909 | D:5      | Identified 6 scrolls of fear
  3918 | D:5      | Noticed Prince Ribbit
  4195 | D:5      | Killed Prince Ribbit
  4195 | D:5      | Reached skill level 5 in Fighting
  4195 | D:5      | Reached skill level 4 in Conjurations
  4379 | D:5      | Reached XP level 8. HP: 57/83 MP: 0/12
  4736 | D:5      | Reached skill level 6 in Fighting
  5475 | D:5      | Found a snail-covered altar of Cheibriados.
  5485 | D:5      | Became a worshipper of Cheibriados the Contemplative
  5577 | D:5      | Reached skill level 6 in Earth Magic
  5638 | D:6      | Identified a potion of curing
  5723 | D:6      | Reached skill level 5 in Conjurations
  5874 | D:6      | Reached skill level 7 in Fighting
  5917 | D:6      | Learned a level 2 spell: Blink
  5921 | D:6      | Learned a level 3 spell: Mephitic Cloud
  6017 | D:6      | Identified a potion of magic
  6343 | D:6      | Reached skill level 4 in Spellcasting
  6343 | D:6      | Reached XP level 9. HP: 39/93 MP: 13/15
  6728 | D:6      | Reached * piety under Cheibriados
  6736 | D:6      | Found Riec's Magic Scroll Emporium.
  6751 | D:6      | Bought a scroll of noise for 14 gold pieces
  6754 | D:6      | Bought a scroll of remove curse for 42 gold pieces
  6754 | D:6      | Bought a scroll of enchant weapon for 105 gold pieces
  6757 | D:6      | Bought a scroll of identify for 28 gold pieces
  6757 | D:6      | Identified a potion of degeneration
  6816 | D:7      | Identified a potion of ambrosia
  6846 | D:7      | Reached skill level 6 in Conjurations
  6870 | D:7      | Reached skill level 7 in Earth Magic
  6990 | D:7      | Found a staircase to the Ecumenical Temple.
  7042 | D:7      | Identified a potion of berserk rage
  7043 | D:7      | Identified a potion of flight
  7160 | D:7      | Reached skill level 5 in Spellcasting
  7174 | D:7      | Reached ** piety under Cheibriados
  7697 | D:8      | Noticed Gastronok
  7722 | D:9      | Found a stormy altar of Qazlal.
  7730 | D:9      | Found an ancient bone altar of Kikubaaqudgha.
  7789 | D:9      | Reached skill level 6 in Spellcasting
  7903 | D:9      | Noticed a troll
  7946 | D:9      | Noticed a purple ugly thing
  7960 | D:9      | Reached skill level 7 in Conjurations
  8168 | D:8      | Found a burning altar of Makhleb.
  8170 | D:8      | Found a glowing silver altar of Zin.
  8170 | D:8      | Noticed an angel
  8171 | D:8      | Noticed a green death
  8233 | D:8      | Reached skill level 8 in Earth Magic
  8316 | D:8      | Reached XP level 10. HP: 102/102 MP: 15/19
  8326 | D:8      | Reached *** piety under Cheibriados
  8646 | D:8      | Found a deep blue altar of Sif Muna.
  8736 | D:9      | Found a white marble altar of Elyvilon.
  8739 | D:9      | Noticed a green ugly thing
  8749 | D:9      | Found a staircase to the Lair.
  8751 | D:9      | Noticed a death yak
  8752 | D:9      | Noticed a death yak
  8754 | D:9      | Killed a green ugly thing
  8754 | D:9      | Reached skill level 7 in Spellcasting
  8755 | D:9      | Noticed a death yak
  9094 | D:8      | Noticed a two-headed ogre
  9100 | D:8      | Killed a two-headed ogre
  9392 | D:9      | Reached **** piety under Cheibriados
  9392 | D:9      | Reached skill level 8 in Conjurations
  9423 | D:9      | Identified 2 scrolls of magic mapping
  9424 | D:9      | Identified 2 scrolls of teleportation
  9560 | D:9      | Killed a purple ugly thing
  9732 | D:10     | Entered Level 10 of the Dungeon
  9732 | D:10     | Noticed a cyclops
  9739 | D:9      | Reached skill level 8 in Spellcasting
  9739 | D:9      | Reached skill level 9 in Earth Magic
  9865 | D:9      | Learned a level 5 spell: Lee's Rapid Deconstruction
 10167 | D:10     | Killed a cyclops
 10181 | D:10     | Reached XP level 11. HP: 40/109 MP: 3/23
 10515 | D:10     | Reached skill level 9 in Spellcasting
 10556 | D:10     | Reached ***** piety under Cheibriados
 10674 | D:10     | Reached skill level 9 in Conjurations
 10999 | D:9      | Noticed a two-headed ogre
 11004 | D:9      | Killed a two-headed ogre
 11179 | D:9      | Learned a level 3 spell: Conjure Flame
 11192 | D:9      | Killed a death yak
 11192 | D:9      | Reached skill level 10 in Earth Magic
 11197 | D:9      | Killed a death yak
 11203 | D:9      | Killed a death yak
 11203 | D:9      | Reached skill level 10 in Spellcasting
 11317 | Lair:1   | Entered Level 1 of the Lair of Beasts
 11854 | Lair:1   | Reached skill level 10 in Conjurations
 11940 | Lair:1   | Reached XP level 12. HP: 103/118 MP: 15/26
 12084 | Lair:1   | Reached skill level 1 in Maces & Flails
 12373 | Lair:1   | Identified a potion of agility
 12557 | Lair:2   | Reached skill level 2 in Maces & Flails
 12677 | Lair:2   | Reached skill level 3 in Maces & Flails
 12856 | Lair:2   | Noticed Nergalle
 12896 | Lair:2   | Reached skill level 4 in Maces & Flails
 12928 | Lair:2   | Reached skill level 11 in Spellcasting
 13206 | Lair:3   | Identified a potion of brilliance
 13227 | Lair:3   | Reached skill level 11 in Earth Magic
 13238 | Lair:3   | Reached skill level 5 in Maces & Flails
 13600 | Lair:3   | Identified a scroll of immolation
 13615 | Lair:3   | Reached skill level 8 in Fighting
 13695 | Lair:3   | Reached ****** piety under Cheibriados
 13870 | Lair:3   | Reached skill level 6 in Maces & Flails
 13922 | Lair:3   | Reached skill level 1 in Invocations
 13931 | Lair:3   | Reached skill level 2 in Invocations
 13936 | Lair:3   | Reached skill level 3 in Invocations
 14162 | Lair:3   | Reached skill level 4 in Invocations
 14369 | Lair:3   | Reached XP level 13. HP: 124/128 MP: 19/28
 14400 | Lair:3   | Found a staircase to the Shoals.
 14595 | Lair:4   | Reached skill level 5 in Invocations
 14797 | Lair:4   | Reached skill level 6 in Invocations
 14987 | Lair:4   | Noticed Kirke
 14989 | Lair:4   | Reached skill level 7 in Invocations
 15002 | Lair:4   | Killed Kirke
 15002 | Lair:4   | Reached skill level 8 in Invocations
 15085 | Lair:4   | Identified 3 scrolls of amnesia
 15086 | Lair:4   | Identified 3 scrolls of blinking
 15087 | Lair:4   | Identified 3 scrolls of recharging
 15314 | Lair:5   | Reached skill level 9 in Invocations
 15355 | Lair:5   | Noticed aesoa's ghost (journeyman OpFi)
 15364 | Lair:5   | Killed aesoa's ghost
 15535 | Lair:4   | Reached skill level 7 in Maces & Flails
 16203 | Lair:4   | Reached skill level 8 in Maces & Flails
 17092 | Lair:5   | Reached skill level 9 in Maces & Flails
 17407 | Lair:5   | Reached XP level 14. HP: 117/137 MP: 3/29
 17508 | Lair:5   | Reached skill level 10 in Maces & Flails
 17530 | Lair:5   | Identified a scroll of random uselessness
 17531 | Lair:5   | Found a viscous altar of Jiyva.
 17531 | Lair:5   | Found a staircase to the Slime Pits.
 18549 | Lair:5   | Reached skill level 11 in Maces & Flails
 18562 | Lair:5   | Mangled by a death yak

Skill      XL: |  1  2  3  4  5  6  7  8  9 10 11 12 13 14 |
---------------+-------------------------------------------+-----
Earth Magic    | 3 4 5 6 8 9 10 11 | 11.2
Spellcasting   | 3 4 6 8 10 11 | 11.0
Conjurations   | 1 2 3 4 5 7 8 10 | 10.0
Fighting       | 1 3 4 5 7 8 |  8.5
Maces & Flails | 6 9 11 | 11.2
Invocations    | 4 9 |  9.0
Dodging        | |  1.7
Stealth        | |  1.4
Transmutations | |  0.8

Action                   |  1- 3 |  4- 6 |  7- 9 | 10-12 | 13-15 || total
-------------------------+-------+-------+-------+-------+-------++-------
Melee: Unarmed           |     2 |       |       |       |       ||     2
       Hand axe          |     1 |   105 |   183 |   290 |   212 ||   791
       Headbutt          |       |     3 |    29 |   124 |    88 ||   244
       Giant spiked club |       |       |       |       |    15 ||    15
 Cast: Sandblast         |    62 |    17 |    23 |     9 |     2 ||   113
       Stone Arrow       |       |    11 |    82 |   247 |   129 ||   469
       Mephitic Cloud    |       |       |       |    14 |     5 ||    19
       Passwall          |       |       |       |     2 |       ||     2
       Conjure Flame     |       |       |       |     7 |    14 ||    21
       Blink             |       |       |       |     4 |     1 ||     5
       Lee's Rapid Decon |       |       |       |       |     8 ||     8
Invok: Slouch            |       |       |       |       |     5 ||     5
  Use: Scroll            |     1 |     3 |     8 |    16 |     8 ||    36
       Potion            |       |     2 |     3 |     9 |     2 ||    16
 Stab: Sleeping          |       |     4 |     5 |       |       ||     9
       Confused          |       |       |       |     5 |     1 ||     6
  Eat: Chunk             |     3 |     6 |    18 |     8 |     5 ||    40
       Royal jelly       |       |       |       |     1 |     1 ||     2
Armor: Robe              |     8 |    25 |    71 |    22 |       ||   126
       Skin              |       |       |    22 |       |       ||    22
       Troll leather arm |       |       |       |   152 |   105 ||   257
Dodge: Dodged            |     7 |    61 |   134 |   243 |   129 ||   574
